 Dungeon Crawl Stone Soup version 0.25-a0-177-gd145f35b4e (webtiles) character file.

Game seed: 378953145577134191, levelgen mode: deterministic

1650 Autsider the Agent of Entropy (level 9, -5/71 HPs)
             Began as a Formicid Abyssal Knight on Nov 26, 2019.
             Was a Priest of Lugonu.
             Killed by divine providence
             ... invoked by an orc priest
              (14 damage)
             ... on level 5 of the Dungeon.
             The game lasted 00:17:47 (5153 turns).

Autsider the Agent of Entropy (FoAK)                Turns: 5153, Time: 00:17:49

Health: -5/71      AC: 10    Str: 23    XL:     9   Next: 19%
Magic:  15/15      EV:  8    Int: 11    God:    Lugonu [***...]
Gold:   258        SH:  0    Dex: 10    Spells: 8/8 levels left

rFire    . . .     SeeInvis +   q - +1 morningstar
rCold    . . .     Gourm    .   (no shield)
rNeg     + . .     Faith    +   v - +0 chain mail
rPois    .         Spirit   .   (helmet unavailable)
rElec    .         Reflect  .   r - scarf {cloud immunity}
rCorr    .         Harm     .   (no gloves)
MR       .....                  (no boots)
Stlth    ..........             x - amulet of faith
HPRegen  0.21/turn              d - ring of positive energy
MPRegen  0.14/turn              w - +2 ring of strength

@: no status effects
A: permanent stasis, dig shafts and tunnels, four strong arms, antennae 3
a: Dig, Shaft Self, Depart the Abyss, Bend Space, Banish, Renounce Religion


You were on level 5 of the Dungeon.
You worshipped Lugonu.
Lugonu was most pleased with you.
You were very hungry.

You visited 1 branch of the dungeon, and saw 5 of its levels.
You visited the Abyss 1 time.

You collected 258 gold pieces.

Inventory:

Hand Weapons
 a - a +1 mace
 l - a +1 dagger of venom
 m - a +0 antimagic mace
 q - a +1 morningstar (weapon)
Armour
 p - a +1 cloak
 r - a scarf of cloud immunity (worn)
 v - a +0 chain mail (worn)
Jewellery
 d - a ring of positive energy (left hand)
 k - an uncursed ring of fire
 u - an uncursed amulet of magic regeneration
 w - a +2 ring of strength (right hand)
 x - an amulet of faith (around neck)
Wands
 f - a wand of disintegration (8)
Scrolls
 b - a scroll of brand weapon {unknown}
 g - a scroll of amnesia
 i - 6 scrolls of identify
 n - a scroll of remove curse
 t - 3 scrolls of enchant weapon
Potions
 e - a potion of degeneration {unknown}
 h - 3 potions of curing
 j - 2 potions of mutation
 s - a potion of heal wounds {unknown}
Comestibles
 c - 10 rations


   Skills:
 + Level 6.5 Fighting
 + Level 5.4 Maces & Flails
 + Level 5.9 Armour
 - Level 0.8 Dodging
 * Level 8.2 Invocations


You had 8 spell levels left.
You didn't know any spells.
Your spell library contained the following spells:

 Spells                   Type           Power        Failure   Level  Hunger
 Beastly Appendage        Tmut           #.....       94%         1    ##.....
 Flame Tongue             Conj/Fire      #....        94%         1    ##.....
 Sticks to Snakes         Tmut           #.......     98%         2    ###....
 Throw Flame              Conj/Fire      #.....       98%         2    ###....
 Conjure Flame            Conj/Fire      #.......     100%        3    ####...
 Inner Flame              Hex/Fire       #.......     100%        3    ####...
 Spider Form              Tmut/Pois      #.........   100%        3    ####...
 Ice Form                 Ice/Tmut       #.......     100%        4    #####..
 Sticky Flame             Conj/Fire      #.......     100%        4    #####..
 Blade Hands              Tmut           #.........   100%        5    ######.
 Fireball                 Conj/Fire      #.........   100%        5    ######.


Dungeon Overview and Level Annotations

Branches:
Dungeon (5/15)             Temple (0/1) D:4

Altars:
Elyvilon
Zin


Innate Abilities, Weirdness & Mutations

You cannot be hasted, slowed, berserked, paralysed or teleported.
You can dig through walls and to a lower floor.
Your four strong arms can wield two-handed weapons with a shield.
You have a pair of large antennae on your head. (SInv)


Message History

The orc warrior is severely wounded.
The orc warrior hits you with a +0 scimitar.
You barely miss the orc warrior.
The orc warrior is severely wounded.
The orc warrior hits you with a +0 scimitar.
You closely miss the orc warrior.
The orc warrior is severely wounded.
The orc warrior hits you with a +0 scimitar.
* * * LOW HITPOINT WARNING * * *
You barely miss the orc warrior.
The orc warrior is severely wounded.
The orc warrior hits you with a +0 scimitar!
* * * LOW HITPOINT WARNING * * *
You are feeling very hungry.
You sock the orc warrior!
You kill the orc warrior!
Lugonu accepts your kill.
The orc priest invokes the aid of Beogh against you.
Beogh smites you!
You die...

#....#....##
#....#.....#
#....#.....#
#....#.....###
#....#....†...
#....#........
####....#........
##o##....'........
#@#.{...##........
###{##.#....###...
######{##.#.##..##...
#..(..{..............
##.#.##########.#..##
#<...##.(#.# #..#.##
##.#.#.##.# .. ##.#
#.#..##{#.8..##..#
#.#.###o .o.#.#..#


You could see an orc priest.

Vanquished Creatures
  Grinder (D:3)
  An orc warrior (D:5)
  A sky beast (D:5)
  An ice beast (D:5)
  A phantom (D:4)
  An ogre (D:5)
  2 centaurs (D:5)
  2 howler monkeys
  A crimson imp (D:5)
  A bullfrog zombie (D:5)
  6 hounds
  2 orc priests (D:5)
  2 jellies (D:5)
  A bullfrog skeleton (D:4)
  A centaur skeleton (D:5)
  2 orc wizards (D:4)
  4 worker ants
  A howler monkey skeleton (D:5)
  6 adders
  2 shadow imps
  2 oozes
  An adder skeleton (D:2)
  3 worms
  4 dart slugs
  6 leopard geckos
  13 orcs
  A giant cockroach (D:3)
  5 goblins
  8 hobgoblins
  7 jackals
  5 kobolds
  A quokka (D:5)
  A ball python (D:4)
  4 bats
  7 frilled lizards
  A jackal skeleton (D:5)
  A jackal zombie (D:5)
  A leopard gecko skeleton (D:5)
  2 rats
112 creatures vanquished.

Notes
Turn   | Place    | Note
-------+----------+-------------------------------------------
     0 | Abyss:1  | Autsider the Formicid Abyssal Knight began the quest for
                  | the Orb.
     0 | Abyss:1  | Reached XP level 1. HP: 18/18 MP: 2/2
    38 | Abyss:1  | Noticed a small abomination
    38 | Abyss:1  | Noticed a large abomination
    38 | Abyss:1  | Noticed a starcursed mass
    40 | D:1      | Escaped the Abyss
   152 | D:1      | Reached XP level 2. HP: 24/24 MP: 3/3
   192 | D:1      | Reached * piety under Lugonu
   362 | D:1      | Reached XP level 3. HP: 25/30 MP: 4/4
   721 | D:2      | Reached XP level 4. HP: 5/37 MP: 5/5
  1927 | D:3      | Noticed Grinder
  1940 | D:3      | Reached skill level 3 in Invocations
  1940 | D:3      | Reached XP level 5. HP: 27/43 MP: 1/7
  2053 | D:3      | Killed Grinder
  2053 | D:3      | Reached skill level 4 in Invocations
  2053 | D:3      | Reached XP level 6. HP: 31/50 MP: 3/9
  2459 | D:3      | Found a faded altar of an unknown god.
  2631 | D:4      | Reached XP level 7. HP: 34/55 MP: 10/10
  2658 | D:4      | Reached skill level 5 in Fighting
  2692 | D:4      | Reached skill level 5 in Invocations
  2902 | D:4      | Found a staircase to the Ecumenical Temple.
  2917 | D:4      | Reached ** piety under Lugonu
  3426 | D:4      | Found a glowing silver altar of Zin.
  3693 | D:4      | Reached XP level 8. HP: 31/63 MP: 12/12
  3972 | D:4      | Found a white marble altar of Elyvilon.
  4016 | D:4      | Reached skill level 6 in Invocations
  4115 | D:5      | Entered Level 5 of the Dungeon
  4331 | D:5      | Reached skill level 5 in Armour
  4609 | D:5      | Reached skill level 7 in Invocations
  4632 | D:5      | Reached skill level 5 in Maces & Flails
  4702 | D:5      | Reached XP level 9. HP: 44/69 MP: 14/14
  4855 | D:5      | Reached *** piety under Lugonu
  5055 | D:5      | Reached skill level 8 in Invocations
  5153 | D:5      | Killed from afar by an orc priest

Levels and vault maps discovered:
D:1:      minmay_arrival_wavy_path, layout_basic
D:2:      layout_loops_corners, minmay_misc_feat_enclosed
D:3:      layout_loops_ring, chequers_ecumenical_altar_grove, uniq_grinder
D:4:      layout_basic, elyvilon_altar_3, zin_academy,
          minmay_temple_entry_junction, first_ration, minmay_three_crescents
D:5:      kennysheep_windowed_halls, layout_basic, st_stairs_1,
          guppyfry_early_orc_mine, uniq_crazy_yiuf_cottage

Skill      XL: |  1  2  3  4  5  6  7  8  9 |
---------------+----------------------------+-----
Fighting       | 4 5 6 |  6.5
Armour         | 3 4 5 |  5.9
Maces & Flails | 3 4 5 |  5.4
Invocations    | 3 4 5 7 8 |  8.2
Dodging        | |  0.8

Action                   |  1- 3 |  4- 6 |  7- 9 || total
-------------------------+-------+-------+-------++-------
Melee: Mace              |    69 |    99 |       ||   168
       Morningstar       |       |    29 |   302 ||   331
Invok: Depart the Abyss  |     1 |       |       ||     1
 Abil: Dig               |       |     1 |     3 ||     4
  Use: Scroll            |       |     8 |       ||     8
  Eat: Chunk             |       |     5 |     9 ||    14
Armor: Leather armour    |    23 |    17 |       ||    40
       Ring mail         |       |    21 |    46 ||    67
       Chain mail        |       |       |   120 ||   120
Dodge: Dodged            |    38 |    69 |   150 ||   257

Table legend:
 A = Non-vault XP
 B = Vault XP
 C = Vault XP percentage of total XP
 D = Non-vault monster count
 E = Vault monster count
 F = Vault count percentage of total count
                 A         B        C        D         E       F
            +---------+---------+-------+---------+---------+-------
      Total |    1423 |     935 |  39.7 |      93 |      19 |  17.0
            +---------+---------+-------+---------+---------+-------
        D:1 |      40 |       0 |   0.0 |      17 |       0 |   0.0
        D:2 |      74 |       0 |   0.0 |      18 |       0 |   0.0
        D:3 |      92 |     295 |  76.2 |      17 |       1 |   5.6
        D:4 |     538 |      78 |  12.7 |      22 |       2 |   8.3
        D:5 |     679 |     562 |  45.3 |      19 |      16 |  45.7
            +---------+---------+-------+---------+---------+-------
